 Dungeon Crawl Stone Soup version 0.20-a0-870-g4070442 (webtiles) character file.

63 4thArraOfDagon the Insei (level 3, -3/29 HPs)
             Began as a Demonspawn Chaos Knight on Mar 13, 2017.
             Blown up by Ijyb (11 damage)
             ... with a wand of disintegration (?/24)
             ... on level 2 of the Dungeon.
             The game lasted 00:01:07 (169 turns).

4thArraOfDagon the Insei (Demonspawn Chaos Knight)   Turns: 169, Time: 00:01:08

Health: -3/29      AC:  7    Str: 12    XL:     3   Next: 87%
Magic:  3/3        EV: 11    Int: 14    God:    Xom [..*...]
Gold:   40         SH:  0    Dex: 12    Spells: 2/2 levels left

rFire    . . .     SeeInvis .     - Unarmed
rCold    . . .     Gourm    .   a - +2 leather armour
rNeg     . . .     Faith    .   (no shield)
rPois    .         Spirit   .   (no helmet)
rElec    .         Reflect  .   (no cloak)
rCorr    .         Harm     .   (no gloves)
MR       .....                  (no boots)
Stlth    +.........             (no amulet)
Regen    0.1/turn               (no ring)
MPRegen  0.1/turn               (no ring)

@: no status effects
A: icy blue scales 1, spiny 1
a: Renounce Religion


You were on level 2 of the Dungeon.
You worshipped Xom.
You were a toy of Xom.
You were not hungry.

You visited 1 branch of the dungeon, and saw 2 of its levels.

You collected 40 gold pieces.

Inventory:

Armour
 a - a +2 leather armour (worn)
Scrolls
 c - a scroll of enchant weapon {unknown}
Potions
 d - a potion of ambrosia {unknown}
Comestibles
 b - 2 bread rations


   Skills:
 - Level 3.0 Fighting
 + Level 2.4 Armour
 + Level 1.6 Dodging
 * Level 3.6 Unarmed Combat


You had 2 spell levels left.
You didn't know any spells.

Dungeon Overview and Level Annotations

Branches:
Dungeon (2/15)

Altars:

Annotations:
D:2 Ijyb


Innate Abilities, Weirdness & Mutations

You are partially covered in icy blue scales. (AC +2)
You are partially covered in sharp spines.


Message History

"Serve the toy, my child!"
The adder is struck by your spines. The adder barely misses you.
You hit the adder but do no damage.
The adder is almost dead.
The adder barely misses you. x2
You barely miss the adder.
The adder is almost dead.
Your white imp gestures at the adder.
The puff of frost hits the adder.
The adder dies!
You barely miss Ijyb.
Your white imp gestures at Ijyb.
The puff of frost hits Ijyb.
Ijyb hits you.
* * * LOW HITPOINT WARNING * * *
Unknown command.
You hit Ijyb.
Ijyb is heavily wounded.
Ijyb zaps a wand.
You are blasted!
You die...
Xom chortles!

######## ##......##
##........##
#..........#
#..........#
#...>.....†#
########..........#
.......#@.........#
.......g.5.......##
.......##........##
.......#..........#
.......#..........#
..................#
∆
########..........#
#.##.##....#
#########8.8#...####


You could see Ijyb and a friendly white imp.

Vanquished Creatures
  2 adders (D:2)
  3 gnolls
  3 bats
  A giant cockroach (D:1)
  A goblin (D:1)
  A rat (D:2)
11 creatures vanquished.

Vanquished Creatures (collateral kills)
  An adder (D:2)
1 creature vanquished.

Grand Total: 12 creatures vanquished

Notes
Turn   | Place    | Note
-------+----------+-------------------------------------------
     0 | D:1      | 4thArraOfDagon the Demonspawn Chaos Knight began the quest for the Orb.
     0 | D:1      | Reached XP level 1. HP: 18/18 MP: 1/1
    39 | D:1      | XOM: potion effect (agility)
    43 | D:1      | Reached skill level 1 in Dodging
    63 | D:1      | Gained mutation: You are partially covered in icy blue scales. (AC +2) [demonic ancestry]
    63 | D:1      | Reached XP level 2. HP: 21/24 MP: 2/2
    73 | D:2      | XOM: enchant monster (good)
    84 | D:2      | Gained mutation: You are partially covered in sharp spines. [demonic ancestry]
    84 | D:2      | Reached XP level 3. HP: 14/29 MP: 3/3
    97 | D:2      | XOM: divination: detect items
   159 | D:2      | Noticed Ijyb
   165 | D:2      | XOM: summons friendly white imp
   169 | D:2      | Blown up by Ijyb

Vault maps used:
D:1:      evilmike_arrival_crescent, ashenzari_altar_1
D:2:      first_bread, small_statue_intersection, minmay_goblin_kobold_house,
          uniq_iyjb

Skill      XL: |  1 |
---------------+----+-----
Armour         | 2 |  2.4
Dodging        | 1 |  1.6
Unarmed Combat | 3 |  3.6
Fighting       | |  3.0

Action                   || total
-------------------------++-------
Melee: Unarmed           ||    53
       Punch             ||     1
 Stab: Petrified         ||     6
       Petrifying        ||     3
Armor: Leather armour    ||    15
Dodge: Dodged            ||    40
